 Dungeon Crawl Stone Soup version 0.22.1-2-g9c5b331383 (webtiles) character file.

2132 Chr0nify the Zephyrmancer (level 9, -1/47 HPs)
             Began as a Tengu Air Elementalist on Nov 19, 2018.
             Was a Follower of Sif Muna.
             Slain by a two-headed ogre
             ... wielding a +0 giant club
              (19 damage)
             ... on level 8 of the Dungeon.
             The game lasted 00:40:04 (8445 turns).

Chr0nify the Zephyrmancer (Tengu Air Elementalist)  Turns: 8445, Time: 00:40:05

Health: -1/47      AC:  6    Str:  9    XL:     9   Next: 30%
Magic:  2/28       EV: 13    Int: 18    God:    Sif Muna [*.....]
Gold:   73         SH:  0    Dex: 15    Spells: 4/21 levels left

rFire    . . .     SeeInvis .   j - +3 flail (drain)
rCold    . . .     Gourm    .   (no shield)
rNeg     . . .     Faith    .   z - +0 leather armour
rPois    .         Spirit   .   (helmet restricted)
rElec    .         Reflect  .   x - +1 cloak
rCorr    .         Harm     .   n - +0 pair of gloves
MR       .....                  (boots unavailable)
Stlth    ++........             (no amulet)
HPRegen  0.15/turn              A - ring of magical power
MPRegen  0.21/turn              (no ring)

@: sluggish, divine energy, very slow
A: beak, talons 3, able to fly 1
a: Fly, Stop Divine Energy, Renounce Religion


You were on level 8 of the Dungeon.
You worshipped Sif Muna.
Sif Muna was aware of your devotion.
You were not hungry.

You visited 1 branch of the dungeon, and saw 8 of its levels.

You collected 265 gold pieces.
You spent 192 gold pieces at shops.

Inventory:

Hand Weapons
 f - a +1 short sword of venom
 j - a +3 flail of draining (weapon)
Armour
 a - a +0 robe
 n - a +0 pair of gloves (worn)
 x - a +1 cloak (worn)
 z - a +0 leather armour (worn)
Jewellery
 A - a ring of magical power (left hand)
Scrolls
 i - 2 scrolls of immolation
 k - 5 scrolls of remove curse
 p - 2 scrolls of teleportation
 t - a scroll of magic mapping
 w - 2 scrolls of enchant weapon
 y - 3 scrolls of random uselessness
Potions
 b - 3 potions of lignification
 d - 3 potions of curing
 e - a potion of heal wounds
 g - 2 potions of agility
 h - a potion of invisibility
 l - 2 potions of haste {unknown}
 m - 4 potions of degeneration
 q - a potion of brilliance {unknown}
 r - a potion of might {unknown}
Comestibles
 c - 12 rations
 o - 5 chunks of flesh


   Skills:
 + Level 1.4 Fighting
 + Level 0.2 Short Blades
 + Level 1.3 Maces & Flails
 + Level 1.2 Armour
 + Level 3.0 Dodging
 + Level 3.5 Stealth
 + Level 6.5 Spellcasting
 + Level 7.0 Conjurations
 + Level 9.9 Air Magic


You had 4 spell levels left.
You knew the following spells:

 Your Spells              Type           Power        Failure   Level  Hunger
a - Shock                 Conj/Air       ####         1%          1    None
b - Swiftness             Chrm/Air       ###.....     3%          2    None
c - Static Discharge      Conj/Air       #####...     1%          3    ##.....
d - Airstrike             Air            #####.....   2%          4    ####...
e - Lightning Bolt        Conj/Air       #####.....   13%         5    #####..
f - Blink                 Tloc           N/A          24%         2    None

Your spell library contained the following spells:

 Spells                   Type           Power        Failure   Level  Hunger
 Magic Dart               Conj           ####         1%          1    None
 Mephitic Cloud           Conj/Pois/Air  ####....     4%          3    ##.....
 Conjure Flame            Conj/Fire      ###.....     11%         3    ##.....
 Call Imp                 Summ           #.......     24%         2    None
 Slow                     Hex            #.......     24%         2    None


Dungeon Overview and Level Annotations

Branches:
Dungeon (8/15)             Temple (0/1) D:4
   Lair: D:8-11

Altars:
Gozag
Nemelex Xobeh
Sif Muna

Shops:
D:6 [   D:7 ?


Innate Abilities, Weirdness & Mutations

You have a beak for a mouth.
You have claws for feet.
You can fly.


Message History

Casting: Shock (safe; 1% risk of failure)
Confirm with . or Enter, or press ? or * to list all spells.
Aiming: Shock (safe; 1% risk of failure)
Press: ? - help, Shift-Dir - straight line, f/p - two-headed ogre
Aim: a two-headed ogre, wielding a giant club and a giant spiked club (lightly The zap hits the two-headed ogre.
The two-headed ogre is lightly wounded.
Found 12 gold pieces.
Casting: Shock (safe; 1% risk of failure)
Confirm with . or Enter, or press ? or * to list all spells.
Aiming: Shock (safe; 1% risk of failure)
Press: ? - help, Shift-Dir - straight line, f/p - two-headed ogre
Aim: a two-headed ogre, wielding a giant club and a giant spiked club (lightly The zap misses the two-headed ogre.
You feel sluggish.
Found a slimy short sword.
The two-headed ogre hits you with a giant club!
The two-headed ogre hits you with a giant spiked club.
The two-headed ogre hits you with a giant club!!
You die...

########## ..#
#........# ..#
#........# ..#
#........# #.#
#........##
#.######.........#
#...............$#
.................######
............>#.O@)....#
##.......#.##########.#
#.......#.# #.......#.#
#..)....#.# #.......#
######.... ....


You could see a two-headed ogre.

Vanquished Creatures
  Edmund (D:6)
  An orc warrior (D:8)
  3 centaurs
  3 ogres
  A crocodile (D:7)
  2 big kobolds
  4 bullfrogs
  2 howler monkeys
  4 crimson imps
  A jelly (D:5)
  4 hounds
  2 iguanas
  2 orc priests
  5 orc wizards
  A bullfrog skeleton (D:6)
  Jessica (D:3)
  2 worker ants
  A hound zombie (D:6)
  A hound skeleton (D:5)
  3 gnolls (D:7)
  7 adders
  2 oozes
  An adder zombie (D:7)
  An adder skeleton (D:5)
  A dart slug (D:2)
  6 leopard geckos
  17 orcs
  6 giant cockroaches
  8 hobgoblins
  17 jackals
  18 kobolds
  3 quokkas
  3 ball pythons
  14 bats
  6 frilled lizards
  5 goblins (D:1)
  7 rats
166 creatures vanquished.

Notes
Turn   | Place    | Note
-------+----------+-------------------------------------------
     0 | D:1      | Chr0nify the Tengu Air Elementalist began the quest for the
                  | Orb.
     0 | D:1      | Reached XP level 1. HP: 10/10 MP: 4/4
   230 | D:1      | Reached XP level 2. HP: 15/15 MP: 0/6
   394 | D:1      | Learned a level 2 spell: Swiftness
   736 | D:1      | Reached XP level 3. HP: 19/19 MP: 2/7
  1058 | D:1      | Learned a level 3 spell: Static Discharge
  1978 | D:2      | Reached skill level 5 in Air Magic
  1978 | D:2      | Reached XP level 4. HP: 20/24 MP: 5/9
  3000 | D:2      | Found an opulent altar of Gozag.
  3000 | D:2      | Found a sparkling altar of Nemelex Xobeh.
  3063 | D:3      | Gained mutation: You can fly. [Tengu growth]
  3063 | D:3      | Reached XP level 5. HP: 28/28 MP: 7/10
  3456 | D:3      | Found a sparkling altar of Nemelex Xobeh.
  3456 | D:3      | Noticed Jessica
  3460 | D:3      | Killed Jessica
  3642 | D:3      | Reached skill level 1 in Fighting
  3814 | D:4      | Noticed an ogre
  3822 | D:4      | Killed an ogre
  3822 | D:4      | Reached XP level 6. HP: 34/34 MP: 2/12
  3890 | D:4      | Reached skill level 6 in Air Magic
  4337 | D:4      | Reached XP level 7. HP: 38/38 MP: 8/13
  4616 | D:4      | You fall through a shaft!
  4616 | D:5      | Entered Level 5 of the Dungeon
  4657 | D:5      | Reached skill level 1 in Maces & Flails
  4668 | D:5      | Learned a level 4 spell: Airstrike
  4925 | D:5      | Reached skill level 7 in Air Magic
  5354 | D:6      | Noticed Edmund
  5395 | D:6      | Killed Edmund
  5610 | D:6      | Reached XP level 8. HP: 25/43 MP: 5/16
  5797 | D:6      | Learned a level 5 spell: Lightning Bolt
  5820 | D:6      | Reached skill level 5 in Conjurations
  5820 | D:6      | Reached skill level 8 in Air Magic
  5840 | D:6      | Reached skill level 5 in Spellcasting
  5945 | D:6      | Found Jijeawol's Armour Shop.
  5957 | D:6      | Bought a +0 shield for 54 gold pieces
  6183 | D:6      | Found a deep blue altar of Sif Muna.
  6186 | D:6      | Became a worshipper of Sif Muna the Loreminder
  6984 | D:7      | Reached skill level 9 in Air Magic
  7104 | D:7      | Reached * piety under Sif Muna
  7363 | D:7      | Learned a level 2 spell: Blink
  7490 | D:7      | Reached XP level 9. HP: 30/47 MP: 12/19
  7748 | D:7      | Found Welep's Magic Scroll Emporium.
  7756 | D:7      | Bought a scroll of identify for 24 gold pieces
  7756 | D:7      | Bought a scroll of identify for 24 gold pieces
  7756 | D:7      | Bought a scroll of enchant weapon for 90 gold pieces
  8313 | D:8      | Reached skill level 1 in Armour
  8400 | D:8      | Noticed a two-headed ogre
  8445 | D:8      | Slain by a two-headed ogre

Skill      XL: |  1  2  3  4  5  6  7  8  9 |
---------------+----------------------------+-----
Conjurations   | 2 3 4 6 7 |  7.0
Air Magic      | 5 6 7 9 |  9.9
Spellcasting   | 3 4 6 |  6.5
Fighting       | 1 |  1.4
Stealth        | 3 |  3.5
Maces & Flails | 1 |  1.3
Armour         | 1 |  1.2
Dodging        | 3 |  3.0
Short Blades   | |  0.2

Action                   |  1- 3 |  4- 6 |  7- 9 || total
-------------------------+-------+-------+-------++-------
Melee: Short sword       |     4 |     1 |       ||     5
       Kick              |     1 |       |     2 ||     3
       Flail             |       |     2 |    10 ||    12
       Peck              |       |       |     4 ||     4
 Cast: Shock             |    84 |   105 |   228 ||   417
       Static Discharge  |       |     1 |     7 ||     8
       Airstrike         |       |       |     5 ||     5
       Swiftness         |       |       |     3 ||     3
       Lightning Bolt    |       |       |     2 ||     2
Invok: Divine Energy     |       |       |     1 ||     1
 Abil: Fly               |       |       |     1 ||     1
  Use: Scroll            |       |     6 |     9 ||    15
       Potion            |       |       |     2 ||     2
  Eat: Chunk             |     4 |     8 |     8 ||    20
       Ration            |       |       |     2 ||     2
Armor: Robe              |     4 |     3 |     4 ||    11
       Leather armour    |       |       |    13 ||    13
Dodge: Dodged            |    20 |    14 |    71 ||   105
